 Dungeon Crawl Stone Soup version 0.30-a0-802-gb92711bcdf (webtiles) character file.

Game seed: 8429492808019296666

569 browni3141 the Vexing (level 7, -2/50 HPs)
             Began as a Human Enchanter on Feb 24, 2023.
             Slain by a gnoll sergeant
             ... wielding a +4 heavy spear
              (10 damage)
             ... on level 5 of the Dungeon.
             The game lasted 00:07:42 (3186 turns).

browni3141 the Vexing (Human Enchanter)             Turns: 3186, Time: 00:07:42

Health: -2/50      AC:  3    Str:  8    XL:     7   Next: 60%
Magic:  9/10       EV: 17    Int: 17    God:
Gold:   29         SH:  0    Dex: 14    Spells: 2/10 levels left

rFire   . . .      SeeInvis .    b - +2 flail (venom)
rCold   . . .      Faith    .    (no shield)
rNeg    . . .      Spirit   .    p - +0 leather armour
rPois   .          Reflect  .    (no helmet)
rElec   .          Harm     .    (no cloak)
rCorr   .          Rampage  .    (no gloves)
Will    .....                    (no boots)
Stlth   ++                       u - amulet of the acrobat
HPRegen 0.28/turn                k - +4 ring of slaying
MPRegen 0.12/turn                x - +5 ring of evasion

@: no status effects
A: no striking features
a: no special abilities


You were on level 5 of the Dungeon.
You visited 1 branch of the dungeon, and saw 5 of its levels.

You collected 239 gold pieces.
You spent 210 gold pieces at shops.

Inventory:

Hand Weapons
 a - a +1 dagger
 b - a +2 flail of venom (weapon)
Missiles
 j - 13 poisoned darts
 r - 2 curare-tipped darts
Armour
 d - a +0 robe
 p - a +0 leather armour (worn)
Jewellery
 k - a +4 ring of slaying (left hand)
 n - a ring of willpower
 u - an amulet of the acrobat (around neck)
 x - a +5 ring of evasion (right hand)
Scrolls
 f - a scroll of amnesia
 g - 3 scrolls of fog
 i - 3 scrolls of immolation
 m - a scroll of brand weapon
 o - 2 scrolls of enchant weapon
 q - a scroll of fear {unknown}
 v - 2 scrolls of teleportation
 w - 2 scrolls of magic mapping {unknown}
 z - a scroll of noise
 A - a scroll of enchant armour
 B - a scroll of blinking
Potions
 c - a potion of invisibility
 e - a potion of flight
 h - a potion of lignification
 l - 3 potions of magic
 s - a potion of mutation {unknown}
 t - 2 potions of curing


   Skills:
 * Level 2.1 Fighting
 - Level 1.0 Short Blades
 - Level 3.0 Maces & Flails
 - Level 1.0 Throwing
 * Level 2.7 Armour
 * Level 2.8 Dodging
 * Level 3.7 Stealth
 - Level 2.0 Spellcasting
 - Level 5.0 Hexes
 - Level 2.0 Ice Magic


You had 2 spell levels left.
You knew the following spells:

 Your Spells              Type           Power      Damage    Failure   Level
a - Ensorcelled Hibernat  Hex/Ice        26%        N/A       10%         2
b - Confusing Touch       Hex            18%        N/A       11%         3
c - Tukima's Dance        Hex            18%        N/A       11%         3

Your spell library contained the following spells:

 Spells                   Type           Power      Damage    Failure   Level
 Beastly Appendage        Tmut           2%         N/A       26%         1
 Wereblood                Tmut           1%         N/A       38%         2
 Dazzling Flash           Conj/Hex       20%        N/A       28%         3
 Ignite Poison            Fire/Tmut/Pois 1%         N/A       63%         3
 Kindle Blastsparks       Fire/Tloc/Air  2%         2d10      63%         3
 Spider Form              Tmut/Pois      1%         N/A       63%         3
 Fulminant Prism          Conj/Hex       5%         3d7       67%         4
 Iskenderun's Mystic Bla  Conj/Tloc      1%         2d3       95%         4
 Sticky Flame             Conj/Fire      1%         2d3       95%         4
 Lee's Rapid Deconstruct  Erth           0%         3d4*      100%        5
 Ignition                 Fire           0%         3d3       100%        8


Dungeon Overview and Level Annotations

Branches:
Dungeon (5/15)
 Temple: D:4-7

Altars:
Trog

Shops:
D:4 ?   D:5 (


Message History

What are your orders? t - Shout!
Orders for allies: a - Attack new target. r - Retreat! s - Stop attacking. g - Guard the area. f - Follow me.
Anything else - Cancel.
You shout for attention!
The gnoll sergeant shouts!
You hear a shout! x4
A gnoll comes into view. It is wielding a +0 whip.
You see here a hound corpse.
There is a stone staircase leading up here.
You start waiting.
A gnoll sergeant is nearby!
The gnoll sergeant looks drowsy...
The helpless gnoll sergeant fails to defend itself.
You hit the gnoll sergeant but do no damage.
The gnoll sergeant is poisoned.
The gnoll sergeant hits you with a +4 heavy spear.
You hit the gnoll sergeant.
The gnoll sergeant looks as sick as possible!
The gnoll sergeant is moderately wounded.
The gnoll attacks as you move away! The gnoll hits you with a +0 whip.
The gnoll sergeant attacks as you move away!
The gnoll sergeant hits you with a +4 heavy spear!
The gnoll sergeant completely misses you.
There is a stone staircase leading up here.
You sock the gnoll!
The gnoll is poisoned.
The gnoll is severely wounded.
The gnoll hits you with a +0 whip.
You closely miss the gnoll.
The gnoll is severely wounded.
The gnoll sergeant hits you from afar with a +4 heavy spear!
The gnoll hits you with a +0 whip.
You barely miss the gnoll.
The gnoll is severely wounded.
The gnoll sergeant hits you from afar with a +4 heavy spear!
* * * LOW HITPOINT WARNING * * *
The gnoll misses you.
You kill the gnoll!
The gnoll sergeant hits you from afar with a +4 heavy spear!
You die...

.. #. .. # #. ##.#g.
### ......### #@#
.∩....g.######.#)###
#........#.g.#
#..#########.#
#....# #.....#
##.#.###.#####
#.#.†...# #.#######
...


You could see a gnoll sergeant (very poisoned).

Vanquished Creatures
  Sigmund (D:3)
  A howler monkey (D:4)
  A hound (D:5)
  Jessica (D:3)
  2 iguanas (D:4)
  Terence (D:2)
  An orc wizard (D:3)
  Natasha (twice) (D:3)
  A gnoll (D:5)
  9 adders
  An ufetubus (D:3)
  3 worms
  2 dart slugs (D:4)
  3 orcs (D:3)
  7 ball pythons
  8 endoplasms
  3 giant cockroaches (D:1)
  2 goblins (D:2)
  6 hobgoblins
  2 jackals (D:4)
  7 kobolds
  3 quokkas
  7 bats
  4 rats (D:2)
78 creatures vanquished.

Notes
Turn   | Place    | Note
-------+----------+-------------------------------------------
     0 | D:1      | browni3141 the Human Enchanter began the quest for the Orb.
     0 | D:1      | Reached XP level 1. HP: 13/13 MP: 3/3
    30 | D:1      | Reached skill level 1 in Fighting
    70 | D:1      | Reached skill level 1 in Ice Magic
    70 | D:1      | Reached XP level 2. HP: 21/21 MP: 5/5
   106 | D:1      | Learned a level 2 spell: Ensorcelled Hibernation
   333 | D:1      | Reached skill level 1 in Maces & Flails
   551 | D:2      | Reached skill level 1 in Throwing
   551 | D:2      | Reached XP level 3. HP: 26/26 MP: 6/6
   775 | D:2      | Reached XP level 4. HP: 28/32 MP: 7/7
   949 | D:2      | Noticed Terence
   970 | D:2      | Killed Terence
   971 | D:2      | Reached XP level 5. HP: 18/37 MP: 2/8
  1540 | D:3      | Noticed Sigmund
  1552 | D:3      | Killed Sigmund
  1553 | D:3      | Reached skill level 4 in Hexes
  1553 | D:3      | Reached XP level 6. HP: 36/43 MP: 9/9
  1574 | D:3      | Found a bloodstained altar of Trog.
  1919 | D:3      | Noticed Jessica
  1925 | D:3      | Killed Jessica
  1926 | D:3      | Reached skill level 5 in Hexes
  2172 | D:3      | Noticed Natasha
  2178 | D:3      | Killed Natasha
  2179 | D:3      | Reached XP level 7. HP: 36/48 MP: 10/10
  2277 | D:3      | Noticed Natasha
  2281 | D:3      | Killed Natasha
  2477 | D:4      | Learned a level 3 spell: Confusing Touch
  2481 | D:4      | Learned a level 3 spell: Tukima's Dance
  3058 | D:4      | Found Caqeppimp's Magic Scroll Boutique.
  3066 | D:4      | Bought a scroll of identify for 20 gold pieces
  3066 | D:4      | Bought a scroll of teleportation for 30 gold pieces
  3066 | D:4      | Bought a scroll of noise for 10 gold pieces
  3066 | D:4      | Bought a scroll of enchant armour for 75 gold pieces
  3066 | D:4      | Bought a scroll of blinking for 75 gold pieces
  3116 | D:5      | Entered Level 5 of the Dungeon
  3157 | D:5      | Found Hiukel's Antique Weapon Shoppe.
  3186 | D:5      | Slain by a gnoll sergeant

Illustrated notes

Levels and vault maps discovered:
D:1:      lemuel_arrival_rhombus, layout_rooms
D:2:      minmay_general_purpose_star, layout_loops_ring,
          kennysheep_generic_room_5, uniq_terence
D:3:      layout_loops_ring, mainiacjoe_overflow_catwalk, grunt_ministairs_3,
          uniq_sigmund, uniq_jessica, uniq_natasha
D:4:      layout_basic, serial_shops, nicolae_shop_waterfront
D:5:      layout_basic, serial_shops, shop, supply_closet_lemuel,
          uniq_prince_ribbit1, uniq_ijyb

Skill      XL: |  1  2  3  4  5  6  7 |
---------------+----------------------+-----
Fighting       | 1 2 |  2.1
Ice Magic      | 1 2 |  2.0
Maces & Flails | 1 2 3 |  3.0
Throwing       | 1 |  1.0
Armour         | 2 |  2.7
Hexes          | 4 5 |  5.0
Short Blades   | |  1.0
Dodging        | |  2.8
Stealth        | |  3.7
Spellcasting   | |  2.0

Action                     |  1- 3 |  4- 6 |  7- 9 || total
---------------------------+-------+-------+-------++-------
  Melee: Flail             |    48 |    71 |    48 ||   167
         Dagger            |    12 |       |       ||    12
         Punch             |       |       |     1 ||     1
   Cast: Ensorcelled Hiber |     4 |     5 |     8 ||    17
    Use: Potion            |       |     1 |       ||     1
         Scroll            |       |       |     9 ||     9
   Stab: Sleeping          |     2 |     4 |     6 ||    12
         Invisible         |       |     1 |       ||     1
 Armour: Robe              |    15 |     7 |       ||    22
         Leather armour    |       |    11 |     4 ||    15
  Dodge: Dodged            |    56 |    45 |    28 ||   129

Table legend: (Time is in decaauts)
 A = Elapsed time spent in this place.
 B = Non-inter-level travel time spent in this place.
 C = Inter-level travel time spent in this place.
 D = Time resting spent in this place.
 E = Time spent auto-exploring this place.
 F = Levels seen in this place.
 G = Mean time per level.
                   A        B        C        D        E       F      G
               +--------+--------+--------+--------+--------+-----+--------+
         Total |   3228 |   3064 |    164 |    116 |   2167 |   5 |  645.6 |
       Dungeon |   3228 |   3064 |    164 |    116 |   2167 |   5 |  645.6 |
               +--------+--------+--------+--------+--------+-----+--------+

Top non-repeatable levels by time:
     D:2: 1050 daAuts
     D:3: 813 daAuts
     D:4: 791 daAuts
     D:1: 502 daAuts
     D:5: 70 daAuts
